 Dungeon Crawl Stone Soup version 0.29.1-15-g9cfb28693d (webtiles) character file.

Game seed: 7659578138694042911

7 Hugehornet the Insei (level 2, -1/18 HPs)
             Began as an Octopode Transmuter on Mar 30, 2023.
             Slain by a gnoll
             ... wielding a +0 flail
              (11 damage)
             ... on level 1 of the Dungeon.
             The game lasted 00:00:19 (86 turns).

Hugehornet the Insei (Octopode Transmuter)            Turns: 86, Time: 00:00:19

Health: -1/18      AC:  1    Str:  9    XL:     2   Next: 4%
Magic:  3/5        EV: 13    Int: 15    God:
Gold:   22         SH:  0    Dex: 12    Spells: 4/5 levels left

rFire   . . .      SeeInvis .     - Unarmed
rCold   . . .      Faith    .   (no shield)
rNeg    . . .      Spirit   .   (helmet currently unavailable)
rPois   .          Reflect  .   (no amulet)
rElec   .          Harm     .   (no ring)
rCorr   .          Rampage  .   (no ring)
Will    .....                   (no ring)
Stlth   ++........              (no ring)
HPRegen 0.06/turn               (no ring)
MPRegen 0.09/turn               (no ring)
                                (no ring)
                                (no ring)

@: appendages
A: tentacle spike 3, almost no armour, amphibious, 8 rings, camouflage 1,
gelatinous body 1, (nimble swimmer 1), tentacles
a: End Transformation


You were on level 1 of the Dungeon.
One of your tentacles had grown a beastly spike.
You visited 1 branch of the dungeon, and saw 1 of its levels.

You collected 22 gold pieces.

Inventory:

Potions
 a - a potion of lignification


   Skills:
 - Level 1.0 Fighting
 - Level 2.0 Dodging
 - Level 3.0 Unarmed Combat
 - Level 2.0 Spellcasting
 + Level 2.7 Transmutations


You had 4 spell levels left.
You knew the following spells:

 Your Spells              Type           Power      Damage    Failure   Level
a - Beastly Appendage     Tmut           18%        N/A       8%          1

Your spell library contained the following spells:

 Spells                   Type           Power      Damage    Failure   Level
 Wereblood                Tmut           9%         N/A       11%         2
 Spider Form              Tmut/Pois      5%         N/A       36%         3
 Ice Form                 Ice/Tmut       5%         N/A       77%         4


Dungeon Overview and Level Annotations

Branches:
Dungeon (1/15)

Altars:


Innate Abilities, Weirdness & Mutations

One of your tentacles has grown a beastly spike.
You cannot wear most types of armour.
You are amphibious.
You can wear up to eight rings at the same time.
Your skin changes colour to match your surroundings (Stealth+).
Your rubbery body absorbs attacks. (AC +1, EV +1)
((You are camouflaged when in or above water. (Stealth+)))
You have tentacles for arms and can constrict up to eight enemies at once.


Message History

The quokka barely misses you.
You closely miss the quokka. Your grab misses the quokka.
You pierce the quokka, but do no damage.
The quokka bites you.
You tentacle-slap the quokka but do no damage.
You grab the quokka.
You pierce the quokka, but do no damage.
You constrict the quokka, but do no damage.
The quokka closely misses you.
You tentacle-slap the quokka but do no damage.
You pierce the quokka.
You kill the quokka!
No target in view!
No target in view!
Your tentacle spike disappears.
HP restored.
You see here 8 gold pieces.
A dart slug is nearby!
Casting: Beastly Appendage (safe; 9% risk of failure)
Confirm with . or Enter, or press ? or * to list all spells.
One of your tentacles grows a vicious spike.
Found a viscous coppery potion.
A gnoll and a hobgoblin come into view.
The gnoll shouts!
The dart slug launches a dart at you. The slug dart misses you.
Found a stone staircase leading down.
The dart slug closely misses you.
The hobgoblin shouts!
You tentacle-slap the dart slug but do no damage.
You grab the dart slug. You squeeze the dart slug!
The dart slug is severely wounded.
You constrict the dart slug. You tentacle-slap the dart slug.
You kill the dart slug!
You have reached level 2!
The gnoll hits you with a +0 flail!
You barely miss the gnoll. Your grab misses the gnoll.
The gnoll hits you with a +0 flail!
Ouch! That really hurt!
You die...

#..†.............###.##
##'#######.#.#..###....#
.........###....###.....
#...##...#......$......#
#...##..>#...†....#..P..
.........#........P..♣.♣
....(....#........PP♣♣
≈.⌠.....⌠#..........♣♣♣
##########......@..:..♣
.......gg...P.P
...........>....
...!...........
#♣#♣...........
............
.♣.......>...
..............


You could see a gnoll and a hobgoblin.

Vanquished Creatures
  A dart slug (D:1)
  A giant cockroach (D:1)
  A hobgoblin (D:1)
  A quokka (D:1)
  A bat (D:1)
5 creatures vanquished.

Notes
Turn   | Place    | Note
-------+----------+-------------------------------------------
     0 | D:1      | Hugehornet the Octopode Transmuter began the quest for the
                  | Orb.
     0 | D:1      | Reached XP level 1. HP: 13/13 MP: 3/3
    85 | D:1      | Reached XP level 2. HP: 18/18 MP: 3/5
    86 | D:1      | Slain by a gnoll

Illustrated notes

Levels and vault maps discovered:
D:1:      amcnicky_arrival_flooded_fountain, layout_rooms, serial_forest,
          infiniplex_forest_clump_diagonal, infiniplex_forest_lined_2,
          infiniplex_forest_clump_medium, infiniplex_forest_straight_4,
          infiniplex_forest_clump_long, infiniplex_forest_clump_tiny,
          infiniplex_forest_straight_2

Action                   || total
-------------------------++-------
Melee: Unarmed           ||    12
       Kick              ||     5
       Constrict         ||     4
       Tentacles         ||     2
 Cast: Beastly Appendage ||     4
 Stab: Sleeping          ||     1
Dodge: Dodged            ||     6
